 Dungeon Crawl Stone Soup version 0.29.1-1-gd02db6906a (webtiles) character file.

Game seed: 14705715110041671832

84 Earthwalker the Shield-Bearer (level 4, -5/40 HPs)
             Began as a Minotaur Fighter on Oct 5, 2022.
             Slain by an ogre
             ... wielding a +0 giant club
              (12 damage)
             ... on level 4 of the Dungeon.
             The game lasted 00:11:13 (2880 turns).

Earthwalker the Shield-Bearer (Minotaur Fighter)    Turns: 2880, Time: 00:11:14

Health: -5/40      AC: 14    Str: 27    XL:     4   Next: 24%
Magic:  3/3        EV: 10    Int:  5    God:
Gold:   156        SH:  5    Dex: 11    Spells: 3/3 levels left

rFire   . . .      SeeInvis .   a - +1 long sword
rCold   . . .      Faith    .   c - +0 buckler
rNeg    . . .      Spirit   .   n - +1 ring mail of the Sunfish {Str+6}
rPois   .          Reflect  .   (helmet restricted)
rElec   .          Harm     .   j - +2 cloak
rCorr   .          Rampage  .   (no gloves)
Will    .....                   (no boots)
Stlth   +.........              (no amulet)
HPRegen 0.13/turn               p - +4 ring of protection
MPRegen 0.08/turn               (no ring)

@: no status effects
A: horns 2, retaliatory headbutt
a: no special abilities


You were on level 4 of the Dungeon.
You visited 2 branches of the dungeon, and saw 5 of its levels.

You collected 156 gold pieces.

Inventory:

Hand Weapons
 a - a +1 long sword (weapon)
Missiles
 e - a throwing net (quivered)
Armour
 b - a +0 scale mail
 c - a +0 buckler (worn)
 j - a +2 cloak (worn)
 n - the +1 ring mail of the Sunfish (worn) {Str+6}
   (You found it on level 2 of the Dungeon)

   Str:       It affects your strength (+6).
Jewellery
 p - a +4 ring of protection (left hand)
Potions
 d - 4 potions of might
 f - 2 potions of curing {unknown}
 g - 3 potions of heal wounds {unknown}
 h - 2 potions of brilliance {unknown}
 i - a potion of lignification
 o - a potion of invisibility
 q - a potion of mutation {unknown}
 r - a potion of haste {unknown}


   Skills:
 + Level 4.1 Fighting
 + Level 3.4 Long Blades
 + Level 4.4 Armour
 + Level 0.6 Dodging
 + Level 4.4 Shields


You had 3 spell levels left.
You didn't know any spells.
Your spell library contained the following spells:

 Spells                   Type           Power      Damage    Failure   Level
 Summon Small Mammal      Summ           0%         N/A       69%         1
 Call Canine Familiar     Summ           0%         N/A       96%         3
 Summon Guardian Golem    Hex/Summ       0%         N/A       96%         3


Dungeon Overview and Level Annotations

Branches:
Dungeon (4/15)             Temple (1/1) D:4

Altars:
Ashenzari
Gozag
Hepliaklqana
Kikubaaqudgha
Makhleb
Nemelex Xobeh
Okawaru
Qazlal
Ru
Sif Muna
Trog
Vehumet
Wu Jian
Yredelemnul
Zin
The Shining One


Innate Abilities, Weirdness & Mutations

You have a pair of horns on your head.
You reflexively headbutt those who attack you in melee.


Message History

There is a hazy altar of Hepliaklqana here.
There is a basalt altar of Yredelemnul here.
There is a sparkling altar of Nemelex Xobeh here.
You enter the shallow water.
Moving in this stuff is going to be slow.
There is a shimmering blue altar of Sif Muna here.
You enter the shallow water.
Moving in this stuff is going to be slow.
There is a glowing silver altar of Zin here.
There is a radiant altar of Vehumet here.
You kneel at the altar of Vehumet.
You enter the shallow water.
Moving in this stuff is going to be slow.
You enter the shallow water.
Moving in this stuff is going to be slow.
There is a staircase back to the Dungeon here.
You can't go down here!
You climb upwards.
Welcome back to the Dungeon!
There is a staircase to the Ecumenical Temple here.
Found a trident.
You see here a +0 trident.
You see here a +0 trident.
Found a stone staircase leading up.
An ogre comes into view. It is wielding a +0 giant club.
The ogre shouts!
The ogre hits you with a +0 giant club!
You hit the ogre.
The ogre is lightly wounded.
You hit the ogre. You headbutt the ogre!
The ogre is severely wounded.
You block the ogre's attack.
You barely miss the ogre. Your headbutt misses the ogre.
The ogre is severely wounded.
The ogre hits you with a +0 giant club!!
Ouch! That really hurt!
* * * LOW HITPOINT WARNING * * *
You hit the ogre.
The ogre is almost dead.
The ogre hits you with a +0 giant club!
You die...

......#
##.##.#
#.###.# .##
#.# ## #.# #.#
#####.#
......#
############.#
#######
#.......@O<..#
#
#.############
# #.# # #.# #
#.# # #.# #
#.# # #.# #
#.#


You could see an ogre.

Vanquished Creatures
  2 adders
  2 dart slugs
  6 endoplasms
  7 giant cockroaches
  4 goblins
  4 hobgoblins
  2 quokkas
  3 ball pythons
  7 bats
  3 frilled lizards
  10 kobolds
  5 rats
55 creatures vanquished.

Vanquished Creatures (others)
  9 plants (D:1)
9 creatures vanquished.

Grand Total: 64 creatures vanquished

Notes
Turn   | Place    | Note
-------+----------+-------------------------------------------
     0 | D:1      | Earthwalker the Minotaur Fighter began the quest for the
                  | Orb.
     0 | D:1      | Reached XP level 1. HP: 19/19 MP: 0/0
   104 | D:1      | Reached XP level 2. HP: 27/27 MP: 1/1
   639 | D:1      | Reached XP level 3. HP: 31/33 MP: 2/2
  1100 | D:2      | Identified the +1 ring mail of the Sunfish {Str+6}
  1888 | D:3      | Reached XP level 4. HP: 40/40 MP: 3/3
  2380 | D:3      | Found an opulent altar of Gozag.
  2483 | D:4      | Found a staircase to the Ecumenical Temple.
  2495 | Temple   | Entered the Ecumenical Temple
  2873 | D:4      | Noticed an ogre
  2880 | D:4      | Slain by an ogre

Illustrated notes

Levels and vault maps discovered:
D:1:      beargit_arrival_greenhouse, layout_basic, lexackson_kobold_supper
D:2:      layout_basic
D:3:      layout_basic, general_overflow_altar
D:4:      layout_loops_ring, minmay_temple_entry_sparse_star
Temple:   nicolae_temple_bog_church

Skill      XL: |  1  2  3 |
---------------+----------+-----
Fighting       | 4 |  4.1
Shields        | 4 |  4.4
Armour         | 4 |  4.4
Long Blades    | 3 |  3.4
Dodging        | |  0.6

Action                   |  1- 3 |  4- 6 || total
-------------------------+-------+-------++-------
Melee: Long sword        |   126 |    22 ||   148
       Headbutt          |    12 |     3 ||    15
  Use: Scroll            |     2 |     6 ||     8
Armor: Scale mail        |    45 |       ||    45
       Ring mail         |    13 |     7 ||    20
Dodge: Dodged            |    53 |     3 ||    56
Block: Buckler           |    33 |     9 ||    42
